Match 22828770
Unlisted

Match 22828770
End
Panzergrenadier Squad
Selects Battlefield Espionage Battlegroup
Panzergrenadier Squad
Construct Light Support Kompanie
Panzerjäger Squad
2.5-tonne Medical Truck
Selects Intel Disruption Beacon
MG34 Team
Panzerpioneer Squad
Fire Support Elements
Pak 38 Mechanized Group
Selects Plunder
Panzerpioneer Squad
Flakvierling Half-track
Veteran Squad Leaders
Selects Firestorm
Selects 250/3 Funkpanzerwagen
Construct Panzerarmee Kommand
Pak 38 Mechanized Group
Walking Stuka Rocket Launcher
Rummel
Clubz
Zombi
Jonatanga
Eber
Lord Grim
0
0

Comments sign in to comment!

No comments posted yet!